PL
CHICAGO GOLD SOX @ BOSTON PATRIOTS
06/24/2029
 
TOP OF THE 1ST
Chicago Gold Sox batting - Pitching for Boston Patriots : LHP Jesús Franco
Pitching: LHP Jesús Franco
Batting: LHB Stanley Belote 0-0: Ball
1-0: Foul Ball, location: 2F
1-1: Foul Ball, location: 2F
1-2: SINGLE (Line Drive, 4D)
Batting: LHB Noel Ballard 0-0: Ball
1-0: Ball
2-0: Ball
3-0: Called Strike
3-1: Called Strike
3-2: Grounds into double play, 6-4-3 (Groundball, 6D)
Batting: SHB Lupo Cotto 0-0: Called Strike
0-1: Fly out, F8 (Flyball, 8LM)
Top of the 1st over - 0 runs, 1 hit, 0 errors, 0 left on base; Chicago 0 - Boston 0
BOTTOM OF THE 1ST
Boston Patriots batting - Pitching for Chicago Gold Sox : RHP Woody Carlson
Pitching: RHP Woody Carlson
Batting: LHB Hideki Hisanobu 0-0: Ball
1-0: Swinging Strike
1-1: Called Strike
1-2: Ball
2-2: Foul Ball, location: 2F
2-2: SINGLE (Line Drive, 9S)
Batting: LHB Bill Chambers 0-0: Called Strike
0-1: SINGLE (Flyball, 7LS)
Hideki Hisanobu to second
Batting: RHB Tommy Jones 0-0: Foul Ball, location: 2F
0-1: Ball
1-1: Fly out, F7 (Flyball, 7LMF)
Batting: RHB Terry Armstrong 0-0: Swinging Strike
0-1: Ball
1-1: Ball
2-1: Fly out, F8 (Line Drive, 8RM)
Runner from 2nd tags up, SAFE at 3rd with throw
Batting: RHB Sotaro Sakata 0-0: Called Strike
0-1: Swinging Strike
0-2: Ball
1-2: Foul Ball, location: 2F
1-2: Ball
2-2: Ground out 4-3 (Groundball, 4)
Bottom of the 1st over - 0 runs, 2 hits, 0 errors, 2 left on base; Chicago 0 - Boston 0
TOP OF THE 2ND
Chicago Gold Sox batting - Pitching for Boston Patriots : LHP Jesús Franco
Batting: LHB Dewitt Hopper 0-0: Called Strike
0-1: Ball
1-1: Called Strike
1-2: Ball
2-2: Foul Ball, location: 2F
2-2: Ball
3-2: Base on Balls
Batting: RHB Manuel Guillama 0-0: Hit by Pitch
Dewitt Hopper to second
Batting: LHB Melvin Castro 0-0: Ball
1-0: Foul Ball, location: 2F
1-1: Foul Ball, location: 2F
1-2: Foul Ball, location: 2F
1-2: Strikes out swinging
Batting: RHB Zeus Preckwinkle 0-0: Ball
1-0: Ball
2-0: Called Strike
2-1: Foul Ball, location: 2F
2-2: Grounds into double play, 6-4-3 (Groundball, 6)
Top of the 2nd over - 0 runs, 0 hits, 0 errors, 1 left on base; Chicago 0 - Boston 0
BOTTOM OF THE 2ND
Boston Patriots batting - Pitching for Chicago Gold Sox : RHP Woody Carlson
Batting: LHB Jorge Alejándrez 0-0: Foul Ball, location: 2F
0-1: Ball
1-1: Ground out 4-3 (Groundball, 34)
Batting: RHB Tamasaburo Kato 0-0: SINGLE (Groundball, 4D)
Batting: RHB Vincente Flores 0-0: Called Strike
0-1: Ball
1-1: Swinging Strike
1-2: Foul Ball, location: 2F
1-2: Foul Ball, location: 2F
1-2: Strikes out swinging
Batting: LHB Alberto Enríquez 0-0: Ball
1-0: Foul Ball, location: 2F
1-1: Ball
2-1: Called Strike
2-2: SINGLE (Groundball, 4MD)
Tamasaburo Kato to second
Runner from 2nd tries for 3rd, SAFE, no throw
Batting: LHB Hideki Hisanobu 0-0: Fly out, F9 (Flyball, 89M)
Bottom of the 2nd over - 0 runs, 2 hits, 0 errors, 2 left on base; Chicago 0 - Boston 0
TOP OF THE 3RD
Chicago Gold Sox batting - Pitching for Boston Patriots : LHP Jesús Franco
Batting: LHB Ricardo Collazo 0-0: Swinging Strike
0-1: Swinging Strike
0-2: Ball
1-2: Ball
2-2: Foul Ball, location: 2F
2-2: Strikes out looking
Batting: RHB Matt Love 0-0: Ball
1-0: Foul Ball, location: 2F
1-1: Ball
2-1: Swinging Strike
2-2: Ball
3-2: Base on Balls
Batting: LHB Stanley Belote 0-0: Foul Ball, location: 2F
0-1: Fly out, F7 (Flyball, 7D)
Batting: LHB Noel Ballard 0-0: Called Strike
0-1: Foul Ball, location: 2F
0-2: Ground out 4-3 (Groundball, 4)
Top of the 3rd over - 0 runs, 0 hits, 0 errors, 1 left on base; Chicago 0 - Boston 0
BOTTOM OF THE 3RD
Boston Patriots batting - Pitching for Chicago Gold Sox : RHP Woody Carlson
Batting: LHB Bill Chambers 0-0: Called Strike
0-1: Swinging Strike
0-2: Fly out, F7 (Flyball, 78M)
Batting: RHB Tommy Jones 0-0: Swinging Strike
0-1: Foul Ball, location: 2F
0-2: Strikes out looking
Batting: RHB Terry Armstrong 0-0: Called Strike
0-1: Fly out, F7 (Flyball, 78S)
Bottom of the 3rd over - 0 runs, 0 hits, 0 errors, 0 left on base; Chicago 0 - Boston 0
TOP OF THE 4TH
Chicago Gold Sox batting - Pitching for Boston Patriots : LHP Jesús Franco
Batting: SHB Lupo Cotto 0-0: Called Strike
0-1: Called Strike
0-2: Strikes out swinging
Batting: LHB Dewitt Hopper 0-0: Ball
1-0: Foul Ball, location: 2F
1-1: Ball
2-1: Ball
3-1: Ground out 6-3 (Groundball, 4MD)
Batting: RHB Manuel Guillama 0-0: Ground out 5-3 (Groundball, 2L)
Top of the 4th over - 0 runs, 0 hits, 0 errors, 0 left on base; Chicago 0 - Boston 0
BOTTOM OF THE 4TH
Boston Patriots batting - Pitching for Chicago Gold Sox : RHP Woody Carlson
Batting: RHB Sotaro Sakata 0-0: Fly out, F9 (Flyball, 89D)
Batting: LHB Jorge Alejándrez 0-0: Ball
1-0: SINGLE (Groundball, 3D)
Batting: RHB Tamasaburo Kato 0-0: Swinging Strike
0-1: Called Strike
0-2: Ball
1-2: Ball
2-2: Grounds into double play, 6-4-3 (Groundball, 6)
Bottom of the 4th over - 0 runs, 1 hit, 0 errors, 0 left on base; Chicago 0 - Boston 0
TOP OF THE 5TH
Chicago Gold Sox batting - Pitching for Boston Patriots : LHP Jesús Franco
Batting: LHB Melvin Castro 0-0: Called Strike
0-1: Ground out 4-3 (Groundball, 4)
Batting: RHB Zeus Preckwinkle 0-0: Ball
1-0: Called Strike
1-1: Ball
2-1: Ground out U3 (Groundball, 34S)
Batting: LHB Ricardo Collazo 0-0: Called Strike
0-1: Foul Ball, location: 2F
0-2: Ball
1-2: Ball
2-2: DOUBLE (Line Drive, 8LXD)
Batting: RHB Matt Love 0-0: Called Strike
0-1: Called Strike
0-2: Ball
1-2: Strikes out swinging
Top of the 5th over - 0 runs, 1 hit, 0 errors, 1 left on base; Chicago 0 - Boston 0
BOTTOM OF THE 5TH
Boston Patriots batting - Pitching for Chicago Gold Sox : RHP Woody Carlson
Batting: RHB Vincente Flores 0-0: SOLO HOME RUN (Flyball, 7LD), Distance : 343 ft
Batting: LHB Alberto Enríquez 0-0: Called Strike
0-1: Ball
1-1: Ball
2-1: Foul Ball, location: 2F
2-2: SINGLE (Line Drive, 34)
Batting: LHB Hideki Hisanobu 0-0: Called Strike
Alberto Enríquez steals 2nd base
0-1: Ground out 1-3 (Groundball, 13S)
Alberto Enríquez to third
Batting: LHB Bill Chambers 0-0: Ball
1-0: SINGLE (Groundball, 6M) (infield hit)
Alberto Enríquez scores
Batting: RHB Tommy Jones 0-0: Ball
1-0: Called Strike
1-1: Ball
2-1: Foul Ball, location: 2F
2-2: Ball
3-2: DOUBLE (Line Drive, 78D)
Bill Chambers to third
Batting: RHB Terry Armstrong 0-0: Called Strike
0-1: Ball
1-1: Ball
2-1: DOUBLE (Flyball, 7LD)
Bill Chambers scores
Tommy Jones scores
Batting: RHB Sotaro Sakata 0-0: Ball
1-0: Called Strike
1-1: Ground out 4-3 (Groundball, 4)
Terry Armstrong to third
Batting: LHB Jorge Alejándrez 0-0: Ball
1-0: Fly out, F9 (Flyball, 89S)
Bottom of the 5th over - 4 runs, 5 hits, 0 errors, 1 left on base; Chicago 0 - Boston 4
TOP OF THE 6TH
Chicago Gold Sox batting - Pitching for Boston Patriots : LHP Jesús Franco
Batting: LHB Stanley Belote 0-0: Ball
1-0: Swinging Strike
1-1: Fly out, F9 (Flyball, 9)
Batting: LHB Noel Ballard 0-0: Foul Ball, location: 2F
0-1: Foul Ball, location: 2F
0-2: Strikes out swinging
Batting: SHB Lupo Cotto 0-0: Ball
1-0: Swinging Strike
1-1: Fly out, F8 (Flyball, 8LS)
Top of the 6th over - 0 runs, 0 hits, 0 errors, 0 left on base; Chicago 0 - Boston 4
BOTTOM OF THE 6TH
Boston Patriots batting - Pitching for Chicago Gold Sox : RHP Woody Carlson
Batting: RHB Tamasaburo Kato 0-0: Called Strike
0-1: Ball
1-1: SOLO HOME RUN (Flyball, 78D), Distance : 410 ft
Pitching: LHP Dan Crowder
Batting: RHB Vincente Flores 0-0: Ball
1-0: Called Strike
1-1: Ball
2-1: Ball
3-1: Called Strike
3-2: Ground out 4-3 (Groundball, 4S)
Batting: LHB Alberto Enríquez 0-0: Ball
1-0: Ball
2-0: Ground out 5-3 (Groundball, 5)
Batting: LHB Hideki Hisanobu 0-0: Ball
1-0: Ground out U3 (Groundball, 34)
Bottom of the 6th over - 1 run, 1 hit, 0 errors, 0 left on base; Chicago 0 - Boston 5
TOP OF THE 7TH
Chicago Gold Sox batting - Pitching for Boston Patriots : LHP Jesús Franco
Batting: LHB Dewitt Hopper 0-0: Reached on error, E3 (Groundball, 3)
Batting: RHB Manuel Guillama 0-0: Ball
1-0: Called Strike
1-1: Swinging Strike
1-2: Fly out, F7 (Flyball, 7S)
Batting: LHB Melvin Castro 0-0: Ball
1-0: Called Strike
1-1: Called Strike
1-2: Strikes out swinging
Batting: RHB Zeus Preckwinkle 0-0: Ball
1-0: Swinging Strike
1-1: DOUBLE (Line Drive, 9LS)
Dewitt Hopper to third
Runner from 3rd tries for Home, SAFE, no throw
Batting: LHB Ricardo Collazo 0-0: Called Strike
0-1: Swinging Strike
0-2: Strikes out swinging
Top of the 7th over - 1 run, 1 hit, 1 error, 1 left on base; Chicago 1 - Boston 5
BOTTOM OF THE 7TH
Boston Patriots batting - Pitching for Chicago Gold Sox : LHP Dan Crowder
Batting: LHB Bill Chambers 0-0: Ground out 6-3 (Groundball, 6)
Batting: RHB Tommy Jones 0-0: Called Strike
0-1: Foul Ball, location: 2F
0-2: Ball
1-2: SOLO HOME RUN (Flyball, 8LXD), Distance : 441 ft
Batting: RHB Terry Armstrong 0-0: Fly out, F9 (Flyball, 9LS)
Batting: RHB Sotaro Sakata 0-0: TRIPLE (Flyball, 8LXD)
Batting: LHB Jorge Alejándrez 0-0: Called Strike
0-1: Ball
1-1: SINGLE (Line Drive, 4M)
Sotaro Sakata scores
Batting: RHB Tamasaburo Kato 0-0: Called Strike
0-1: Ball
Passed Ball!
Jorge Alejándrez to second
1-1: Ground out 5-3 (Groundball, 56S)
Bottom of the 7th over - 2 runs, 3 hits, 0 errors, 1 left on base; Chicago 1 - Boston 7
TOP OF THE 8TH
Chicago Gold Sox batting - Pitching for Boston Patriots : LHP Jesús Franco
Batting: RHB Matt Love 0-0: DOUBLE (Line Drive, 7LD)
Batting: LHB Stanley Belote 0-0: Called Strike
0-1: Swinging Strike
0-2: Fly out, F7 (Flyball, 7D)
Runner from 2nd tags up, SAFE at 3rd, no throw
Batting: LHB Noel Ballard 0-0: Swinging Strike
0-1: Ball
1-1: Ball
2-1: Swinging Strike
2-2: Foul Ball, location: 2F
2-2: Ball
3-2: Strikes out swinging
Batting: SHB Lupo Cotto 0-0: Ball
1-0: Ball
2-0: Ball
3-0: Ground out 6-3 (Groundball, 6)
Top of the 8th over - 0 runs, 1 hit, 0 errors, 1 left on base; Chicago 1 - Boston 7
BOTTOM OF THE 8TH
Boston Patriots batting - Pitching for Chicago Gold Sox : LHP Dan Crowder
Batting: RHB Vincente Flores 0-0: Foul Ball, location: 2F
0-1: Ball
1-1: Foul Ball, location: 2F
1-2: Strikes out swinging
Batting: LHB Alberto Enríquez 0-0: Foul Ball, location: 2F
0-1: Ball
1-1: Ball
2-1: Ground out 6-3 (Groundball, 6)
Batting: LHB Hideki Hisanobu 0-0: Ground out U3 (Groundball, 3)
Bottom of the 8th over - 0 runs, 0 hits, 0 errors, 0 left on base; Chicago 1 - Boston 7
TOP OF THE 9TH
Chicago Gold Sox batting - Pitching for Boston Patriots : LHP Jesús Franco
Batting: LHB Dewitt Hopper 0-0: Called Strike
0-1: Ball
1-1: Called Strike
1-2: Strikes out looking
Batting: RHB Manuel Guillama 0-0: Ball
1-0: Ground out 5-3 (Groundball, 56S)
Batting: LHB Melvin Castro 0-0: Called Strike
0-1: Foul Ball, location: 2F
0-2: Fly out, F3 (Popup, 3S)
Top of the 9th over - 0 runs, 0 hits, 0 errors, 0 left on base; Chicago 1 - Boston 7
Tuesday, December 19th, 2017 - OOTP Baseball 18.8 Build 76